 Dungeon Crawl Stone Soup version 0.14.0-6-g1bc2dff (webtiles) character file.

1025 HenryFlower the Insei (level 7, 0/51 HPs)
             Began as a Demigod Transmuter on Apr 12, 2014.
             Slain by a steam dragon zombie (1 damage)
             ... on Level 6 of the Dungeon.
             The game lasted 00:15:09 (6365 turns).

HenryFlower the Insei (Demigod Transmuter)          Turns: 6365, Time: 00:15:09

HP   0/51        AC  3     Str 13      XL: 7   Next: 43%
MP  15/15        EV 12     Int 20      God:
Gold 167         SH  0     Dex 18      Spells:  3 memorised,  3 levels left

rFire  . . .     SeeInvis .       - Unarmed
rCold  . . .     Clarity  +     c - +0 robe
rNeg   . . .     Conserve .     (no shield)
rPois  +         rCorr    .     (no helmet)
rElec  .         rRot     .     a - +0 cloak
SustAb + .       Spirit   .     (no gloves)
rMut   .         Warding  .     (no boots)
Saprov . . .     Stasis   .     y - amulet of clarity
MR     .....                    u - ring of poison resistance
                                f - ring of sustain abilities {unknown}

@: drained, not resistant to hostile enchantments, unstealthy
A: no striking features
a: no special abilities


You were on level 6 of the Dungeon.
You were not hungry.

You visited 1 branch of the dungeon, and saw 6 of its levels.

You collected 193 gold pieces.
You spent 26 gold pieces at shops.

Inventory:

Missiles
 b - 79 arrows
 h - 19 darts (quivered)
Armour
 a - a +0 cloak (worn)
 c - a +0 robe (worn)
Comestibles
 q - 2 meat rations
 r - 2 chunks of orc flesh
Scrolls
 e - 3 scrolls of teleportation {unknown}
 g - 6 scrolls of remove curse
 j - a scroll of magic mapping {unknown}
 l - a scroll of enchant armour {unknown}
 v - a scroll of amnesia {unknown}
 x - a scroll of fog {unknown}
 A - a scroll of enchant weapon II {unknown}
Jewellery
 f - a ring of sustain abilities (left hand) {unknown}
 n - an uncursed ring of positive energy {unknown}
 p - an uncursed amulet of resist mutation
 u - a ring of poison resistance (right hand)
 y - an amulet of clarity (around neck)
Potions
 i - a potion of resistance
 k - a potion of haste
 m - 2 potions of might
 o - 3 potions of curing
 s - a potion of mutation {unknown}
 t - 3 potions of agility
 w - 3 potions of restore abilities
Books
 d - a book of Changes

   Spells                             Type                      Level
   *Beastly Appendage                 Transmutation                1
   *Sticks to Snakes                  Transmutation                2
   *Spider Form                       Transmutation/Poison         3
   Ice Form                           Ice/Transmutation            4
   Blade Hands                        Transmutation                5
 z - a book of Spatial Translocations

   Spells                             Type                      Level
   Apportation                        Translocation                1
   Blink                              Translocation                2
   Shroud of Golubria                 Charms/Translocation         2
   Portal Projectile                  Translocation                3
   Teleport Other                     Translocation                3
   Passage of Golubria                Translocation                4


   Skills:
 - Level 0.8(0.3) Fighting
 - Level 1.7(1.2) Dodging
 + Level 7.1(6.5) Unarmed Combat
 - Level 1.7(1.2) Spellcasting
 - Level 4.2(3.6) Transmutations
 - Level 2.0(1.4) Poison Magic


You had 3 spell levels left.
You knew the following spells:

 Your Spells              Type           Power        Failure   Level  Hunger
a - Beastly Appendage     Trmt           ###...       3%          1    ##.....
b - Spider Form           Trmt/Pois      ##........   21%         3    ####...
c - Sticks to Snakes      Trmt           ###.......   6%          2    ###....


Dungeon Overview and Level Annotations

Branches:
Dungeon (6/15)             Temple (0/1) D:4

Shops:
D:4 =   D:5 =

Annotations:
D:3 porpoise's ghost, average GrFi


Message History

The steam dragon zombie claws you.
* * * LOW HITPOINT WARNING * * *
You hit the steam dragon zombie but do no damage.
You punch the steam dragon zombie. You hit the steam dragon zombie.
The steam dragon zombie bites you.
* * * LOW HITPOINT WARNING * * *
The steam dragon zombie claws you.
* * * LOW HITPOINT WARNING * * *
You hit the steam dragon zombie. The steam dragon zombie misses you.
The steam dragon zombie closely misses you.
You hit the steam dragon zombie. You hit the steam dragon zombie.
The steam dragon zombie bites you.
* * * LOW HITPOINT WARNING * * *
The steam dragon zombie claws you.
* * * LOW HITPOINT WARNING * * *
You barely miss the steam dragon zombie.
The steam dragon zombie bites you!
* * * LOW HITPOINT WARNING * * *
The steam dragon zombie claws you.
You die...

#...≈≈...≈≈)..#... ..
#...≈≈.>.≈≈...#... ..
#...≈≈...≈≈...#...
..##...≈≈≈≈≈...##... #.
#....≈≈≈....#....
##.###.........##....
..##...###.......##...).
..........###...###......
........@Z..#._.#........
............#...#........
...........#####........
....<.....).............
######.###..............
## ###.##.........
####......... #.........
###.........


You could see a steam dragon zombie.

Vanquished Creatures
  An orc warrior (D:6)
  A phantom (D:5)
  A giant frog (D:6)
  2 scorpions
  An elf zombie (D:5)
  A crimson imp (D:6)
  A hound (D:5)
  A giant frog skeleton (D:4)
  An orc wizard (D:6)
  5 worker ants
  Ijyb (D:3)
  Terence (D:3)
  A hound skeleton (D:4)
  5 gnolls
  5 adders
  A worm zombie (D:5)
  An inept item mimic (D:2)
  A shadow imp (D:5)
  3 worms
  An inept feature mimic (D:5)
  An adder zombie (D:5)
  An orc skeleton (D:5)
  4 giant geckos
  16 orcs
  9 bats
  5 giant cockroaches
  9 goblins
  7 hobgoblins
  2 jackals (D:4)
  9 kobolds
  3 quokkas
  4 giant newts
  A hobgoblin zombie (D:5)
  A kobold skeleton (D:6)
  14 rats
121 creatures vanquished.

Vanquished Creatures (collateral kills)
  A gnoll (D:5)
1 creature vanquished.

Grand Total: 122 creatures vanquished

Notes
Turn   | Place    | Note
--------------------------------------------------------------
     0 | D:1      | HenryFlower, the Demigod Transmuter, began the quest for the Orb.
     0 | D:1      | Reached XP level 1. HP: 15/15 MP: 3/3
   426 | D:1      | Reached XP level 2. HP: 22/22 MP: 4/4
   782 | D:2      | Reached skill level 3 in Transmutations
  1038 | D:2      | Reached XP level 3. HP: 19/27 MP: 7/7
  1043 | D:2      | Learned a level 3 spell: Spider Form
  1381 | D:2      | Reached skill level 1 in Poison Magic
  2218 | D:3      | Reached XP level 4. HP: 34/34 MP: 5/9
  2219 | D:3      | Noticed Ijyb
  2234 | D:3      | Killed Ijyb
  2517 | D:3      | Noticed Terence
  2526 | D:3      | Killed Terence
  2730 | D:3      | Noticed porpoise's ghost (average GrFi)
  2976 | D:4      | Reached skill level 4 in Unarmed Combat
  3128 | D:4      | Reached XP level 5. HP: 39/39 MP: 6/10
  3425 | D:4      | Found Shryeb's Jewellery Shoppe.
  3550 | D:4      | Found a staircase to the Ecumenical Temple.
  3793 | D:4      | Reached skill level 5 in Unarmed Combat
  4067 | D:4      | Reached XP level 6. HP: 43/46 MP: 9/13
  4151 | D:5      | Entered Level 5 of the Dungeon
  4283 | D:5      | Reached skill level 6 in Unarmed Combat
  4558 | D:5      | Learned a level 2 spell: Sticks to Snakes
  4832 | D:5      | Found Stiocs' Jewellery Emporium.
  4853 | D:5      | Bought an uncursed amulet of inaccuracy for 26 gold pieces
  5232 | D:5      | Reached XP level 7. HP: 18/51 MP: 8/15
  6207 | D:6      | Reached skill level 7 in Unarmed Combat
  6276 | D:6      | Found a deep blue altar of Sif Muna.
  6365 | D:6      | HP: 1/51 [steam dragon zombie (9)]
  6365 | D:6      | Slain by a steam dragon zombie

Action                   |  1- 3 |  4- 6 |  7- 9 || total
-------------------------+-------+-------+-------++-------
Melee: Unarmed           |   137 |   288 |    89 ||   514
Throw: Dart              |       |     1 |       ||     1
 Cast: Beastly Appendage |     1 |       |       ||     1
       Spider Form       |     5 |    14 |     3 ||    22
       Sticks to Snakes  |       |     3 |     3 ||     6
  Use: Scroll            |     1 |     5 |     1 ||     7
       Potion            |       |       |     1 ||     1
 Stab: Sleeping          |     2 |       |     1 ||     3
